 Dungeon Crawl Stone Soup version 0.18.1-50-g88ac8fd (webtiles) character file.

630 Nordron the Transmogrifier (level 7, -1/43 HPs)
             Began as an Octopode Transmuter on Oct 3, 2016.
             Slain by a water moccasin zombie (3 damage)
             ... in an ossuary.
             The game lasted 00:16:35 (4281 turns).

Nordron the Transmogrifier (Octopode Transmuter)    Turns: 4281, Time: 00:16:37

Health: -1/43      AC:  1    Str:  9    XL:     7   Next: 48%
Magic:  10/10      EV: 12    Int: 15    God:
Gold:   195        SH:  0    Dex: 15    Spells: 2 memorised, 6 levels left

rFire  . . .     SeeInvis .     i - +6 scythe (holy)
rCold  . . .     Gourm    .     (shield currently unavailable)
rNeg   . . .     Faith    .     (helmet restricted)
rPois  .         Spirit   .     (no amulet)
rElec  .         Dismiss  .     (no ring)
rCorr  .         Reflect  .     (no ring)
SustAt .         Harm     .     (no ring)
MR     .....                    (no ring)
Stlth  ++........               (no ring)
                                (no ring)
                                (no ring)
                                (no ring)

@: lethally poisoned (-1 -> -3), appendage, not resistant to hostile
enchantments, unstealthy
A: almost no armour, amphibious, 8 rings, constrict 8, tentacle spike 3,
camouflage 1, gelatinous body 1
a: End Transformation


You were in an ossuary.
You were not hungry.
One of your tentacles had a temporary spike.
You visited 1 branch of the dungeon, and saw 4 of its levels.
You also visited: Ossuary.

You collected 195 gold pieces.

Inventory:

Hand Weapons
 g - a +1 dagger of protection
 i - a +6 scythe of holy wrath (weapon)
 o - a +1 hand axe of venom
Missiles
 a - 12 arrows
Wands
 p - a wand of random effects (29/48)
Scrolls
 l - a scroll of identify
 m - 3 scrolls of remove curse
 q - a scroll of enchant armour {unknown}
 r - a scroll of fear {unknown}
 s - a scroll of teleportation
Potions
 d - 3 potions of haste
 e - a potion of flight {unknown}
 f - 2 potions of curing {unknown}
 h - 2 potions of invisibility {unknown}
 j - a potion of heal wounds {unknown}
 k - 2 potions of lignification
 t - 2 potions of mutation {unknown}
Books
 b - a book of Changes

   Spells                             Type                      Level
   a - Beastly Appendage              Transmutation                1
   b - Sticks to Snakes               Transmutation                2
   c - Spider Form                    Transmutation/Poison         3
   d - Ice Form                       Ice/Transmutation            4
   e - Blade Hands                    Transmutation                5
Comestibles
 c - 2 bread rations


   Skills:
 - Level 1.0 Fighting
 - Level 2.0 Dodging
 - Level 3.0 Unarmed Combat
 - Level 2.0 Spellcasting
 * Level 8.1 Transmutations


You had 6 spell levels left.
You knew the following spells:

 Your Spells              Type           Power        Failure   Level  Hunger
a - Beastly Appendage     Trmt           ####..       1%          1    #......
b - Spider Form           Trmt/Pois      ##........   14%         3    ###....


Dungeon Overview and Level Annotations

Branches:
Dungeon (4/15)
 Temple: D:4-7

Altars:
Elyvilon
Okawaru
Trog

Annotations:
D:4 Menkaure


Innate Abilities, Weirdness & Mutations

You cannot wear most types of armour.
You are amphibious.
You can wear up to eight rings at the same time.
You can use your tentacles to constrict eight enemies at once.
Your skin changes colour to match your surroundings (Stealth).
Your rubbery body absorbs attacks (AC +1).
One of your tentacles bears a large vicious spike.


Message History

You constrict the big kobold zombie.
You feel sick. The big kobold zombie hits you. x2
You slash the big kobold zombie!
The big kobold zombie convulses.
You constrict the big kobold zombie.
You feel sick. The big kobold zombie hits you.
* * * LOW HITPOINT WARNING * * *
You slash the big kobold zombie!
You destroy the big kobold zombie!
The kobold zombie hits you but does no damage.
You slice the kobold zombie!!
You destroy the kobold zombie!
You feel sick. The water moccasin zombie bites you.
* * * LOW HITPOINT WARNING * * *
You barely miss the water moccasin zombie.
You grab the water moccasin zombie.
You constrict the water moccasin zombie.
The water moccasin zombie bites you.
* * * LOW HITPOINT WARNING * * *
The water moccasin zombie bites you.
You die...

#...# #.
#...# #.
#...# #.
#...# #.
#'### ##
#.^.# #.
#^^.# #.
#.^^# #^
#.@^# #^
###Z# #'
#Z.Z# #^
#...# ####
#####^
#ZZ.#
#?!?!#...#.
#...+
+!?/!#.∩.'.
#.Z.#
#!!!!#...#.
##### ####
######


You could see a water moccasin zombie and a kobold zombie.

Vanquished Creatures
  Sigmund (D:2)
  2 water moccasin zombies (Ossuary)
  A giant frog skeleton (D:4)
  Crazy Yiuf (D:2)
  Terence (D:2)
  3 big kobold zombies (Ossuary)
  A gnoll (D:1)
  8 adders
  2 oozes (D:1)
  5 adder zombies (Ossuary)
  2 worms (D:2)
  4 dart slugs
  2 giant geckos (D:2)
  5 orcs
  2 ball pythons
  4 giant cockroaches
  4 gnoll zombies (Ossuary)
  8 goblins
  7 hobgoblins
  6 jackals
  15 bats
  5 giant newts
  5 hobgoblin zombies (Ossuary)
  13 kobolds
  3 kobold zombies (Ossuary)
  2 orc zombies (Ossuary)
  8 rats
  A fungus (D:2)
121 creatures vanquished.

Notes
Turn   | Place    | Note
--------------------------------------------------------------
     0 | D:1      | Nordron the Octopode Transmuter began the quest for the Orb.
     0 | D:1      | Reached XP level 1. HP: 13/13 MP: 3/3
    48 | D:1      | Reached XP level 2. HP: 16/18 MP: 3/5
   335 | D:1      | Reached skill level 3 in Transmutations
   388 | D:1      | Reached XP level 3. HP: 17/23 MP: 4/6
   825 | D:1      | Reached skill level 4 in Transmutations
  1049 | D:1      | Reached XP level 4. HP: 27/28 MP: 7/7
  1243 | D:2      | Learned a level 3 spell: Spider Form
  1277 | D:2      | Found a white marble altar of Elyvilon.
  1291 | D:2      | Found an iron altar of Okawaru.
  1822 | D:2      | Noticed Sigmund
  1846 | D:2      | Noticed Terence
  1926 | D:2      | Killed Terence
  1926 | D:2      | Reached skill level 5 in Transmutations
  1926 | D:2      | Reached XP level 5. HP: 33/33 MP: 5/8
  1955 | D:2      | Killed Sigmund
  1955 | D:2      | Reached skill level 6 in Transmutations
  1955 | D:2      | Reached XP level 6. HP: 19/38 MP: 4/9
  2458 | D:2      | Noticed Crazy Yiuf
  2467 | D:2      | Killed Crazy Yiuf
  2667 | D:3      | Found a bloodstained altar of Trog.
  2869 | D:3      | Reached skill level 7 in Transmutations
  3545 | D:4      | Noticed Menkaure
  3583 | D:4      | Reached XP level 7. HP: 16/43 MP: 10/10
  3661 | D:4      | Found a sand-covered staircase.
  3665 | Ossuary  | Entered an ossuary
  3972 | Ossuary  | HP: 2/43 [water moccasin zombie (4)]
  3976 | Ossuary  | Reached skill level 8 in Transmutations
  4281 | Ossuary  | HP: 2/43 [water moccasin zombie (6)]
  4281 | Ossuary  | Slain by a water moccasin zombie

Skill      XL: |  1  2  3  4  5  6  7 |
---------------+----------------------+-----
Transmutations | 3 4 5 6 7 8 |  8.1
Fighting       | |  1.0
Dodging        | |  2.0
Unarmed Combat | |  3.0
Spellcasting   | |  2.0

Action                   |  1- 3 |  4- 6 |  7- 9 || total
-------------------------+-------+-------+-------++-------
Melee: Unarmed           |    58 |    19 |       ||    77
       Kick              |    16 |    23 |    10 ||    49
       Tentacles         |    15 |    15 |     9 ||    39
       Constrict         |    19 |    35 |    11 ||    65
       Dagger            |    23 |    78 |       ||   101
       Punch             |       |     3 |       ||     3
       Scythe            |       |    61 |    46 ||   107
 Cast: Beastly Appendage |    14 |    27 |     5 ||    46
       Spider Form       |       |     3 |       ||     3
  Use: Scroll            |       |     4 |       ||     4
       Potion            |       |       |     1 ||     1
 Stab: Sleeping          |     5 |     5 |     2 ||    12
  Eat: Chunk             |     1 |     9 |       ||    10
       Bread ration      |       |       |     1 ||     1
Armor: Skin              |    10 |    38 |    12 ||    60
Dodge: Dodged            |    54 |    98 |    25 ||   177
